 Dungeon Crawl Stone Soup version 0.25.0-1-g7eea58d2a3 (webtiles) character file.

Game seed: 774168483912269045

29681 McIrco the Peltast (level 13, -6/118 HPs)
             Began as a Minotaur Fighter on June 14, 2020.
             Was an Initiate of Gozag.
             Mangled by a 12-headed hydra (10 damage)
             ... on level 3 of the Lair of Beasts.
             The game lasted 00:32:34 (19006 turns).

McIrco the Peltast (Minotaur Fighter)              Turns: 19006, Time: 00:32:35

Health: -6/118     AC: 25    Str: 25    XL:     13   Next: 16%
Magic:  16/16      EV:  7    Int:  5    God:    Gozag
Gold:   194        SH: 15    Dex: 11    Spells: 12/12 levels left

rFire    . . .     SeeInvis .   a - +1 war axe
rCold    + . .     Gourm    .   c - +1 kite shield
rNeg     . . .     Faith    .   T - +3 plate armour
rPois    .         Spirit   .   (helmet restricted)
rElec    .         Reflect  .   m - +0 cloak
rCorr    .         Harm     .   o - +0 pair of gloves
MR       .....                  (no boots)
Stlth    ..........             K - amulet of regeneration
HPRegen  0.69/turn              g - +4 ring of protection
MPRegen  0.15/turn              Q - ring of protection from cold

@: gold aura, very slow
A: retaliatory headbutt, horns 2
a: Potion Petition, Call Merchant, Bribe Branch, Renounce Religion


You were on level 3 of the Lair of Beasts.
You worshipped Gozag.
Gozag was aware of your devotion.
You were very hungry.

You visited 3 branches of the dungeon, and saw 16 of its levels.

You collected 3397 gold pieces.
You spent 784 gold pieces at shops.
You paid 2419 gold pieces to Gozag.

Inventory:

Hand Weapons
 a - a +1 war axe (weapon)
Armour
 b - a +0 scale mail
 c - a +1 kite shield (worn)
 m - a +0 cloak (worn)
 o - a +0 pair of gloves (worn)
 t - a +2 ring mail of fire resistance
 T - a +3 plate armour (worn)
Jewellery
 g - a +4 ring of protection (left hand)
 A - an uncursed ring of protection from fire
 D - an uncursed ring of protection from cold
 H - an uncursed ring of see invisible
 K - an amulet of regeneration (around neck)
 P - an uncursed ring of stealth
 Q - a ring of protection from cold (right hand)
 U - an uncursed ring of ice
Wands
 j - a wand of enslavement (8)
 p - a wand of polymorph (19)
 y - a wand of random effects (28)
 F - a wand of iceblast (14)
 S - a wand of paralysis (4)
Scrolls
 e - a scroll of noise
 i - 8 scrolls of remove curse
 k - 4 scrolls of fear
 l - a scroll of enchant weapon
 n - 7 scrolls of blinking
 q - 7 scrolls of teleportation
 r - 4 scrolls of amnesia
 s - 3 scrolls of identify
 w - 2 scrolls of immolation
 x - 4 scrolls of magic mapping
 z - a scroll of vulnerability
 E - 4 scrolls of fog
 O - a scroll of brand weapon
 R - 2 scrolls of random uselessness {unknown}
 V - a scroll of enchant armour
 W - a scroll of silence {unknown}
Potions
 d - a potion of might
 h - a potion of invisibility
 u - 5 potions of curing
 v - a potion of lignification
 B - 2 potions of cancellation
 C - 4 potions of flight
 G - 2 potions of brilliance
 J - 2 potions of heal wounds
 L - 4 potions of mutation
 N - 2 potions of haste
Miscellaneous
 I - 2 boxes of beasts
 M - a phial of floods (inert)
Comestibles
 f - 16 rations


   Skills:
 + Level 12.1 Fighting
 - Level 12.1 Axes
 * Level 12.4 Armour
 + Level 15.3 Shields
 + Level 5.5 Evocations


You had 12 spell levels left.
You didn't know any spells.
Your spell library contained the following spells:

 Spells                   Type           Power        Failure   Level  Hunger
 Animate Skeleton         Necr           N/A          99%         1    ##.....
 Apportation              Tloc           #.....       99%         1    ##.....
 Corona                   Hex            #......      99%         1    ##.....
 Freeze                   Ice            #...         99%         1    ##.....
 Summon Small Mammal      Summ           #...         99%         1    ##.....
 Frozen Ramparts          Ice            #.....       100%        3    ####...
 Ozocubu's Armour         Chrm/Ice       #.......     100%        3    ####...
 Static Discharge         Conj/Air       #.......     100%        3    ####...
 Cause Fear               Hex            #.........   100%        4    #####..
 Hailstorm                Conj/Ice       #.......     100%        4    #####..
 Summon Ice Beast         Ice/Summ       #.......     100%        4    #####..
 Lightning Bolt           Conj/Air       #.........   100%        5    ######.
 Silence                  Hex/Air        #.........   100%        5    ######.
 Yara's Violent Unravell  Hex/Tmut       #.........   100%        5    ######.
 Discord                  Hex            #.........   100%        8    #######
 Ignition                 Fire           #.........   100%        8    #######
 Shatter                  Erth           #.........   100%        9    #######
 Tornado                  Air            #.........   100%        9    #######


Dungeon Overview and Level Annotations

Branches:
Dungeon (12/15)            Temple (1/1) D:4            Lair (3/6) D:10
 Spider (0/4) Lair:2          Orc (0/2) D:12
  Swamp: Lair:2-4    Shoals: Lair:2-4

Altars:
Ashenzari
Cheibriados
Dithmenos
Elyvilon
Fedhas
Gozag
Hepliaklqana
Kikubaaqudgha
Makhleb
Nemelex Xobeh
Okawaru
Qazlal
Ru
Sif Muna
Trog
Uskayaw
Vehumet
Wu Jian
Xom
Yredelemnul
Zin
The Shining One

Shops:
D:4 *   D:9 (   D:10 *((}   D:11 *


Innate Abilities, Weirdness & Mutations

You reflexively headbutt those who attack you in melee.
You have a pair of horns on your head.


Message History

You barely miss the water moccasin. You block the water moccasin's attack.
The 12-headed hydra barely misses you.
The 12-headed hydra bites you but does no damage. x2
The 12-headed hydra bites you.
* * * LOW HITPOINT WARNING * * *
The 12-headed hydra bites you but does no damage.
The 12-headed hydra closely misses you.
The 12-headed hydra bites you but does no damage.
You block the 12-headed hydra's attack. The 12-headed hydra closely misses you.
The 12-headed hydra bites you.
* * * LOW HITPOINT WARNING * * *
The 12-headed hydra bites you but does no damage. x2
Unknown command.
Unknown command.
You barely miss the 12-headed hydra. You headbutt the 12-headed hydra!
The 12-headed hydra is almost dead.
You hit the water moccasin but do no damage.
You block the water moccasin's attack. The 12-headed hydra bites you!
You die...
Your body crumbles into a pile of gold.

#...# ###........
##..# ##..........
#...#######...≈≈≈..#..
##...#.#......#≈≈≈≈≈≈.
#..............≈≈§≈§#.
##.....#......########
#..≈..###.....#
#...≈$###.....#
##..≈@S##..#..#
#...^≈D≈≈#..#....
#.....≈..≈....#..#.
#P........P......#
##........#....
#.........#...#
#.........# ...
#P......... ..


You could see a 12-headed hydra and a water moccasin.

Vanquished Creatures
  A hydra (Lair:3)
  4 two-headed ogres
  4 death yaks (Lair:2)
  The ghost of Chiseanne the Ducker, a novice KoTm of Dithmenos (D:7)
  2 manticores (D:11)
  9 deep elf magi (D:12)
  An ugly thing (D:10)
  A cyclops (D:11)
  A gargoyle (D:11)
  2 rime drakes
  3 trolls
  5 hornets
  8 blink frogs
  5 slime creatures
  2 hippogriffs
  A wraith (D:9)
  A spriggan (Lair:2)
  3 wyverns
  12 yaks
  3 vampire mosquitoes (D:12)
  2 hungry ghosts
  Menkaure (D:7)
  An acid dragon (D:11)
  A soldier ant (D:8)
  5 water moccasins
  6 porcupines
  3 black bears
  7 orc warriors
  5 sky beasts
  An eye of draining (D:10)
  3 ice beasts
  4 phantoms
  3 centaurs
  10 ogres
  24 wolves (Lair:2)
  3 crocodiles
  12 bullfrogs
  A big kobold (D:10)
  A water moccasin skeleton (D:10)
  5 scorpions
  A howler monkey (D:4)
  2 crimson imps
  2 quasits
  A bullfrog zombie (D:9)
  6 hounds
  4 jellies
  3 orc priests
  Crazy Yiuf (D:7)
  3 bullfrog skeletons
  5 iguanas
  8 orc wizards
  4 worker ants
  3 hound zombies
  A hound skeleton (D:6)
  A howler monkey zombie (D:5)
  17 adders
  7 gnolls
  3 shadow imps
  An adder zombie (D:5)
  An adder skeleton (D:4)
  4 worms
  3 dart slugs
  5 leopard geckos
  63 orcs
  10 bats
  2 giant cockroaches
  6 goblins
  7 hobgoblins
  14 jackals
  12 kobolds
  A quokka (D:5)
  2 frilled lizards
  5 rats
  A fungus (Lair:2)
  A plant (Lair:1)
377 creatures vanquished.

Vanquished Creatures (others)
  A dancing weapon (D:7)
  17 fungi
  13 plants
31 creatures vanquished.

Grand Total: 408 creatures vanquished

Notes
Turn   | Place    | Note
-------+----------+-------------------------------------------
     0 | D:1      | McIrco the Minotaur Fighter began the quest for the Orb.
     0 | D:1      | Reached XP level 1. HP: 19/19 MP: 0/0
   163 | D:1      | Reached XP level 2. HP: 27/27 MP: 1/1
   191 | D:1      | Reached skill level 4 in Shields
   233 | D:1      | You fall into a shaft and drop 1 floor!
   263 | D:2      | Reached XP level 3. HP: 24/33 MP: 2/2
   662 | D:2      | Reached XP level 4. HP: 36/41 MP: 3/3
  1307 | D:3      | Reached skill level 5 in Fighting
  1307 | D:3      | Reached skill level 5 in Armour
  1307 | D:3      | Reached XP level 5. HP: 48/48 MP: 4/4
  1372 | D:3      | Reached skill level 5 in Shields
  1472 | D:3      | Found a sparkling altar of Nemelex Xobeh.
  2072 | D:4      | Found Jaza's Assorted Antiques.
  2080 | D:4      | Bought a grey potion for 26 gold pieces
  2080 | D:4      | Bought a scroll labeled VASKU DUEBBYRCH for 29 gold pieces
  2148 | D:4      | Reached XP level 6. HP: 55/56 MP: 5/5
  2369 | D:4      | Found a staircase to the Ecumenical Temple.
  2382 | Temple   | Entered the Ecumenical Temple
  2844 | Temple   | Became a worshipper of Gozag Ym Sagoz the Greedy
  3345 | D:4      | Found a white marble altar of Elyvilon.
  3563 | D:5      | Entered Level 5 of the Dungeon
  3596 | D:5      | Reached skill level 6 in Shields
  3714 | D:5      | Noticed a wyvern
  3724 | D:5      | Killed a wyvern
  3724 | D:5      | Reached XP level 7. HP: 11/63 MP: 6/6
  3994 | D:5      | Found an iron altar of Okawaru.
  4053 | D:5      | Reached skill level 7 in Shields
  4241 | D:5      | Found a shimmering blue altar of Sif Muna.
  4242 | D:5      | Found a sacrificial altar of Ru.
  4634 | D:6      | Found a hazy altar of Hepliaklqana.
  4651 | D:6      | Reached XP level 8. HP: 50/71 MP: 7/7
  4658 | D:6      | Reached skill level 8 in Shields
  5396 | D:6      | Reached skill level 9 in Shields
  5651 | D:4      | Bought a ruby ring for 145 gold pieces
  5703 | D:7      | Noticed Menkaure
  5710 | D:7      | Killed Menkaure
  5974 | D:7      | Found a runed translucent door.
  5974 | D:7      | Found a shimmering altar of Xom.
  5974 | D:7      | Noticed Chiseanne's ghost (novice KoTm)
  5975 | D:7      | Noticed a +1 dagger of chaos
  6073 | D:7      | Reached XP level 9. HP: 69/81 MP: 8/8
  6076 | D:7      | Found a blossoming altar of Fedhas.
  6389 | D:7      | Found a shimmering altar of Xom.
  6389 | D:7      | Found an ancient bone altar of Kikubaaqudgha.
  6516 | D:7      | Reached skill level 10 in Shields
  6570 | D:7      | Found a stormy altar of Qazlal.
  6698 | D:7      | Found a runed translucent door.
  6699 | D:7      | Noticed Crazy Yiuf
  7071 | D:7      | Killed Crazy Yiuf
  7174 | D:8      | Paralysed by a hornet for 1 turns
  7204 | D:7      | HP: 2/82 [poisoned by a hornet]
  7725 | D:7      | Paralysed by a +1 dagger of chaos for 5 turns
  7729 | D:7      | Killed a +1 dagger of chaos
  7729 | D:7      | Reached skill level 10 in Armour
  7729 | D:7      | Reached skill level 11 in Shields
  7741 | D:7      | Killed Chiseanne's ghost
  7815 | D:8      | Reached XP level 10. HP: 82/90 MP: 9/9
  7856 | D:8      | Noticed a +0 dagger
  7857 | D:8      | Noticed a +0 hand axe
  7858 | D:8      | Found a hide-covered altar of Uskayaw.
  8014 | D:8      | Reached skill level 12 in Shields
  8461 | D:8      | Found a glowing silver altar of Zin.
  8461 | D:8      | Noticed an angel
  8976 | D:8      | Paralysed by a hornet for 2 turns
  9224 | D:9      | Found a sacrificial altar of Ru.
  9630 | D:9      | Found a bloodstained altar of Trog.
  9681 | D:9      | Reached skill level 13 in Shields
 10407 | D:9      | Reached skill level 10 in Fighting
 10523 | D:10     | Entered Level 10 of the Dungeon
 10523 | D:10     | Noticed a two-headed ogre
 10565 | D:10     | Killed a two-headed ogre
 10602 | D:10     | Reached XP level 11. HP: 52/100 MP: 10/10
 10612 | D:10     | Noticed a two-headed ogre
 10614 | D:10     | Noticed a red ugly thing
 11344 | D:10     | Paralysed by a hornet for 1 turns
 11649 | D:10     | Killed a two-headed ogre
 11649 | D:10     | Reached skill level 5 in Axes
 12252 | D:10     | Found Itodwuamn's Gadget Boutique.
 12254 | D:10     | Found Imeacit's Weapon Boutique.
 12454 | D:10     | Found a staircase to the Lair.
 12602 | D:10     | Bought a phial of floods for 440 gold pieces
 12620 | D:10     | Killed a red ugly thing
 12807 | D:11     | Reached skill level 1 in Evocations
 13071 | D:11     | Reached skill level 14 in Shields
 13679 | D:11     | Found Uhupto's Assorted Antiques.
 13687 | D:11     | Bought a scroll labeled ESAPTO QEKKUPT for 23 gold pieces
 13687 | D:11     | Bought a scroll labeled LIKUAP MAUZI for 23 gold pieces
 13687 | D:11     | Bought a scroll labeled LIKUAP MAUZI for 23 gold pieces
 13687 | D:11     | Bought a scroll labeled ESAPTO QEKKUPT for 23 gold pieces
 13687 | D:11     | Bought a scroll labeled PEPUEQ FEHISO for 23 gold pieces
 14753 | D:12     | Noticed a deep elf mage
 14774 | D:12     | Killed a deep elf mage
 14838 | D:12     | Noticed a deep elf mage
 14911 | D:12     | Noticed a deep elf mage
 15064 | D:12     | Killed a deep elf mage
 15239 | D:12     | Noticed a deep elf mage
 15248 | D:12     | Noticed a deep elf mage
 15253 | D:12     | Killed a deep elf mage
 15253 | D:12     | Reached XP level 12. HP: 81/110 MP: 13/13
 15665 | D:12     | Noticed a two-headed ogre
 15677 | D:12     | Killed a two-headed ogre
 15677 | D:12     | Reached skill level 10 in Axes
 15796 | D:12     | Found a staircase to the Orcish Mines.
 16077 | D:12     | Noticed a two-headed ogre
 16089 | D:12     | Killed a two-headed ogre
 16244 | Lair:1   | Entered Level 1 of the Lair of Beasts
 17506 | Lair:2   | Noticed a death yak
 17506 | Lair:2   | Noticed a death yak
 17507 | Lair:2   | Noticed a death yak
 17507 | Lair:2   | Noticed a death yak
 17534 | Lair:2   | Killed a death yak
 17547 | Lair:2   | Killed a death yak
 17552 | Lair:2   | Killed a death yak
 17552 | Lair:2   | Reached skill level 15 in Shields
 17552 | Lair:2   | Reached skill level 5 in Evocations
 17560 | Lair:2   | Killed a death yak
 17935 | Lair:2   | Found a hole to the Spider Nest.
 17954 | Lair:2   | Reached XP level 13. HP: 108/118 MP: 16/16
 18784 | D:10     | Bought a scroll labeled SALOAGU EZXERA for 29 gold pieces
 19005 | Lair:3   | HP: 4/118 [12-headed hydra (5)]
 19006 | Lair:3   | Mangled by a 12-headed hydra

Illustrated notes

Levels and vault maps discovered:
D:1:      minmay_arrival_plants_in_alcoves, layout_loops_corners
D:2:      layout_loops_ring, minmay_misc_feat_diagonals
D:3:      layout_basic, lemuel_round_altar
D:4:      layout_layer_cave, elyvilon_altar_1, minmay_temple_entry_slanted,
          serial_shops, nicolae_shop_overgrown_old_shop
D:5:      layout_basic, gammafunk_temple_overflow_statue, old_standard_altar,
          first_ration
D:6:      layout_loops_ring, old_standard_altar, serial_glass, glass_columns_a,
          glass_columns_b, glass_columns_a, glass_columns_a,
          hangedman_abyss_or_decor_jellyfish_corner
D:7:      layout_basic, grunt_temple_overflow_forces_of_nature,
          gammafunk_temple_overflow_elements, ebering_ghost_xom,
          uniq_crazy_yiuf_cottage, uniq_menkaure
D:8:      layout_loops_corners, zin_angel, dancing_weapons_uskayaw,
          hangedman_pestilent_swarm
D:9:      layout_basic, bloody_trog, nrook_campfire, nicolae_ru_path_of_blood
D:10:     layout_roguey [special_room_orc], grunt_lair_entry_orc_guard_hut,
          serial_shops, shop, shop
D:11:     layout_basic, serial_shops, nicolae_shop_overgrown_old_shop
D:12:     layout_irregular_city, orc_0_dummy, elves_outpost_lemuel
Temple:   jpeg_temple_island
Lair:1:   layout_gridlike
Lair:2:   layout_cave_pods, spider_nest_entry_webs, grunt_forest_large_clearings
Lair:3:   lemuel_reptile_caves, layout_gridlike, minmay_hedge_maze,
          kennysheep_basilisk_garden, uniq_nergalle

Skill      XL: |  1  2  3  4  5  6  7  8  9 10 11 12 13 |
---------------+----------------------------------------+-----
Fighting       | 4 5 6 8 10 11 12 | 12.1
Shields        | 4 5 6 7 9 11 13 14 15 | 15.3
Armour         | 4 5 6 7 9 10 11 12 | 12.4
Axes           | 3 9 11 12 | 12.1
Evocations     | 3 5 |  5.5

Action                   |  1- 3 |  4- 6 |  7- 9 | 10-12 | 13-15 || total
-------------------------+-------+-------+-------+-------+-------++-------
Melee: War axe           |    70 |   146 |   276 |   889 |    87 ||  1468
       Headbutt          |     7 |    26 |    58 |   199 |    23 ||   313
Invok: Call Merchant     |       |       |       |     1 |     2 ||     3
Evoke: Phial of floods   |       |       |       |     1 |     1 ||     2
  Use: Potion            |       |     1 |     5 |     5 |       ||    11
       Scroll            |       |       |       |    19 |       ||    19
 Stab: Distracted        |       |       |     1 |     2 |       ||     3
       Invisible         |       |       |     1 |     2 |       ||     3
       Held in net/web   |       |       |       |     1 |       ||     1
  Eat: Chunk             |       |     6 |       |       |       ||     6
       Ration            |       |     1 |     4 |    12 |     1 ||    18
Armor: Scale mail        |    36 |   110 |   183 |    50 |       ||   379
       Ring mail         |       |       |       |   185 |       ||   185
       Skin              |       |       |       |     5 |       ||     5
       Plate armour      |       |       |       |    77 |   111 ||   188
Dodge: Dodged            |    18 |    59 |   115 |   258 |    33 ||   483
Block: Kite shield       |    39 |   101 |   189 |   583 |   108 ||  1020
